 Dungeon Crawl Stone Soup version 0.31-a0-161-gb58dd9be76 (webtiles) character file.

Game seed: 16045154907419297591

150 qw the Chopper (level 5, -2/32 HPs)
             Began as a Gargoyle Fighter on June 12, 2023.
             Slain by Pikel
             ... wielding a +1 whip of flaming
              (9 damage)
             ... on level 4 of the Dungeon.
             The game lasted 00:01:02 (2851 turns).

qw the Chopper (Gargoyle Fighter)                   Turns: 2851, Time: 00:01:03

Health: -2/32      AC: 12    Str: 26    XL:     5   Next: 32%
Magic:  5/5        EV: 10    Int:  8    God:
Gold:   155        SH:  4    Dex:  9    Spells: 4/4 levels left

rFire   . . .        Y - +0 war axe
rCold   . . .        c - +0 buckler
rNeg    + . .        m - +3 ring mail "Dahae" {*Corrode Regen+ Str+4}
rPois   inf          (no helmet)
rElec   +            (no cloak)
rCorr   .            (no gloves)
SInv    .            (no boots)
Will    .....        (no amulet) Stlth
                     (no ring)
HPRegen 1.05/turn    (no ring)
MPRegen 0.09/turn

%: corrode self (3%)
@: no status effects
A: sickness immunity, AC +4, negative energy resistance 1, electricity
resistance, torment resistance 1, petrification resistance
a: no special abilities


You were on level 4 of the Dungeon.
You visited 1 branch of the dungeon, and saw 4 of its levels.

You collected 155 gold pieces.


Innate Abilities, Weirdness & Mutations

You are immune to sickness and miasma.
Your stone body is resilient. (AC +4)
You are immune to poison.
You resist negative energy. (rN+)
You are resistant to electric shocks. (rElec)
You are resistant to unholy torment.
You are immune to petrification.


   Skills:
 - Level 3.2 Fighting
 + Level 4.7 Axes
 - Level 1.0 Throwing
 - Level 3.2 Armour
 - Level 3.2 Shields


You had 4 spell levels left.
You didn't know any spells.
Your spell library was empty.

Inventory:

Hand Weapons
 i - a +0 flail
 Y - a +0 war axe (weapon)
Missiles
 o - 2 boomerangs
Armour
 c - a +0 buckler (worn)
 m - the +3 ring mail "Dahae" (worn) {*Corrode Regen+ Str+4}
   (You found it on level 3 of the Dungeon)

   Str:       It affects your strength (+4).
   Regen:     It increases your rate of health regeneration.
   *Corrode:  It may corrode you when you take damage.
Scrolls
 a - a scroll of identify
 b - a scroll of immolation {unknown}
 n - a scroll of vulnerability {unknown}
Potions
 d - 2 potions of might
 e - a potion of ambrosia {unknown}
 f - a potion of lignification {unknown}
 g - a potion of berserk rage {unknown}
 j - a potion of invisibility {unknown}
 k - a potion of curing {unknown}
 l - a potion of brilliance {unknown}

Dungeon Overview and Level Annotations

Branches:
Dungeon (4/15)
 Temple: D:4-7

Altars:
Gozag
Trog

Annotations:
D:4 Eustachio, Pikel


Message History

The lemure closely misses you. The lemure hits you but does no damage.
Pikel, Merchant of Souls comes into view.
He is wielding a +1 whip of flaming and wearing a +2 robe of cold resistance.
You barely miss the lemure.
The lemure is heavily wounded.
You closely miss the lemure. You slash the lemure!
The lemure completely misses you. You block the lemure's attack.
The lemure hits you. The lemure hits you! The lemure hits you.
Eustachio the Magnificent comes into view.
He is wielding a +0 falchion.
You barely miss the lemure.
The lemure is heavily wounded.
You barely miss Pikel. You barely miss the lemure.
Eustachio shouts!
The lemure hits you but does no damage. You block the lemure's attack.
Pikel says, "You'll make a fine lemure."
Pikel hits you with a +1 whip of flaming.
Pikel burns you.
You slash the lemure!
You kill the lemure!
That felt strangely unrewarding.
You closely miss Pikel. You hit the lemure.
A lemure comes into view.
You block the lemure's attack. Pikel closely misses you.
The scorpion stings you but does no damage.
You completely miss the lemure.
The lemure is heavily wounded.
You hit Pikel but do no damage. You slash the adder!
You closely miss the scorpion. The adder closely misses you.
You block the scorpion's attack. The lemure hits you but does no damage.
Pikel hits you with a +1 whip of flaming.
Pikel burns you. You block the adder's attack.
You slash the adder!
You kill the adder!
You closely miss Pikel. You hit the lemure but do no damage.
You barely miss the scorpion.
The scorpion stings you but does no damage.
The lemure barely misses you.
Pikel hits you with a +1 whip of flaming.
Pikel burns you. The scorpion closely misses you.
Pikel hits you with a +1 whip of flaming!
You die...

######
##....#
......#
.....#
.....#
#....#
#....#
#@5..#
#Ks..#
5w.......
.5........
J..#######.
.... .....
....(.


You could see Pikel, 3 lemures, a worm, a scorpion and an endoplasm.

Vanquished Creatures
  A lemure (D:4)
  3 gnolls (D:3)
  5 adders
  A worm (D:3)
  A dart slug (D:1)
  8 orcs
  2 endoplasms
  2 giant cockroaches (D:1)
  7 goblins
  4 hobgoblins
  4 jackals (D:1)
  6 quokkas
  4 ball pythons
  10 bats
  4 frilled lizards (D:1)
  5 kobolds
  3 rats
70 creatures vanquished.

Notes
Turn   | Place    | Note
-------+----------+-------------------------------------------
     0 | D:1      | qw the Gargoyle Fighter began the quest for the Orb.
     0 | D:1      | Reached XP level 1. HP: 14/14 MP: 1/1
     0 | D:1      | 0 ||| qw: Version: 0.2-a-29-gc1b59c4
     0 | D:1      | 0 ||| qw: Game counter: 4192
     0 | D:1      | 0 ||| qw: Always use a shield: true
     0 | D:1      | 0 ||| qw: God list: Okawaru
     0 | D:1      | 0 ||| qw: Allow faded altars: false
     0 | D:1      | 0 ||| qw: Do Orc after D:15 true
     0 | D:1      | 0 ||| qw: Do second Lair branch before Depths: true
     0 | D:1      | 0 ||| qw: Lair rune preference: random
     0 | D:1      | 0 ||| qw: Plans: Normal, Zot:1-4, Slime:5, God:TSO, Crypt,
                  | Tomb, Abyss, Pan, Hells, Win
     0 | D:1      | 0 ||| PLANNING D:1-11
    24 | D:1      | Reached skill level 2 in Axes
   118 | D:1      | Reached XP level 2. HP: 19/19 MP: 2/2
   259 | D:1      | 259 ||| Stepping ~*~*~tactically~*~*~ (hiding).
   260 | D:1      | 260 ||| Stepping ~*~*~tactically~*~*~ (hiding).
   507 | D:1      | 507 ||| Stepping ~*~*~tactically~*~*~ (stealth).
   511 | D:1      | Reached skill level 3 in Axes
   515 | D:1      | Reached XP level 3. HP: 19/23 MP: 3/3
   796 | D:1      | 796 ||| READING scroll labelled XEDEIGAROGG.
   797 | D:1      | 797 ||| READING 2 scrolls labelled SAGADGH DANO.
   798 | D:1      | 798 ||| DROPPING scroll of blinking.
  1111 | D:2      | Reached XP level 4. HP: 28/28 MP: 4/4
  1164 | D:2      | Found a bloodstained altar of Trog.
  1184 | D:2      | Reached skill level 1 in Throwing
  1438 | D:2      | Found a faded altar of an unknown god.
  1751 | D:2      | 1751 ||| DROPPING +6 ring of intelligence.
  1752 | D:2      | 1752 ||| READING 2 scrolls labelled VEENUSM CIPHYI.
  1784 | D:3      | Found an opulent altar of Gozag.
  1881 | D:3      | Reached skill level 4 in Axes
  1961 | D:3      | 1961 ||| DROPPING +0 whip.
  1975 | D:3      | Identified the +3 ring mail "Dahae" {*Corrode Regen+ Str+4}
  2283 | D:3      | 2283 ||| Stepping ~*~*~tactically~*~*~ (hiding).
  2284 | D:3      | 2284 ||| Stepping ~*~*~tactically~*~*~ (hiding).
  2286 | D:3      | 2286 ||| Stepping ~*~*~tactically~*~*~ (hiding).
  2287 | D:3      | 2287 ||| Stepping ~*~*~tactically~*~*~ (hiding).
  2571 | D:3      | Reached XP level 5. HP: 32/32 MP: 5/5
  2741 | D:3      | 2741 ||| UPGRADING to +3 ring mail "Dahae" {*Corrode Regen+
                  | Str+4}.
  2751 | D:3      | 2751 ||| DROPPING +0 scale mail.
  2752 | D:3      | 2752 ||| READING scroll labelled RES VOSEMY.
  2753 | D:3      | 2753 ||| READING scroll labelled GUNATI MIOTIEQ.
  2843 | D:4      | Noticed a lemure
  2843 | D:4      | Noticed a lemure
  2845 | D:4      | Noticed a lemure
  2846 | D:4      | Noticed Pikel
  2847 | D:4      | Noticed Eustachio
  2849 | D:4      | Killed a lemure
  2849 | D:4      | Noticed a lemure
  2851 | D:4      | HP: 8/32 [Pikel/+1 whip of flaming (5)]
  2851 | D:4      | Slain by Pikel

Levels and vault maps discovered:
D:1:      lightli_arrival_quake, layout_loops_ring
D:2:      layout_loops_corners, basic_altar,
          dreamdust_ecumenical_altar_angels_and_demons, serial_rivers,
          chequers_serial_rivers_large_a, chequers_serial_rivers_marsh,
          chequers_serial_rivers_small_b, chequers_serial_rivers_micro_b,
          chequers_serial_rivers_micro_d, chequers_serial_rivers_micro_b,
          chequers_serial_rivers_micro_e, minmay_misc_feat_chi,
          hangedman_decor_slide_cut
D:3:      layout_basic, lemuel_round_altar
D:4:      layout_basic, kennysheep_little_box, yredelemnul_altar_generic,
          kennysheep_generic_room_7, uniq_eustachio, uniq_pikel, uniq_robin,
          uniq_sigmund, uniq_natasha

Skill      XL: |  1  2  3  4 |
---------------+-------------+-----
Axes           | 2 3 4 |  4.7
Throwing       | 1 |  1.0
Fighting       | |  3.2
Armour         | |  3.2
Shields        | |  3.2

Action                     |  1- 3 |  4- 6 || total
---------------------------+-------+-------++-------
  Melee: War axe           |    87 |    67 ||   154
  Throw: Javelin           |    12 |    14 ||    26
         Boomerang         |       |     8 ||     8
    Use: Scroll            |     2 |     3 ||     5
 Armour: Scale mail        |    70 |    26 ||    96
         Ring mail         |       |     7 ||     7
  Dodge: Dodged            |    46 |    34 ||    80
  Block: Buckler           |    20 |    19 ||    39

Table legend:
 A = Non-vault XP
 B = Vault XP
 C = Vault XP percentage of total XP
 D = Non-vault monster count
 E = Vault monster count
 F = Vault count percentage of total count
                 A         B        C        D         E       F
            +---------+---------+-------+---------+---------+-------
      Total |     228 |       0 |   0.0 |      69 |       0 |   0.0
            +---------+---------+-------+---------+---------+-------
        D:1 |      59 |       0 |   0.0 |      35 |       0 |   0.0
        D:2 |      51 |       0 |   0.0 |       9 |       0 |   0.0
        D:3 |      97 |       0 |   0.0 |      21 |       0 |   0.0
        D:4 |      21 |       0 |   0.0 |       4 |       0 |   0.0
            +---------+---------+-------+---------+---------+-------
